 Dungeon Crawl Stone Soup version 0.19.5 (webtiles) character file.

886 Monsterracer the Cleaver (level 7, -1/54 HPs)
             Began as a Deep Dwarf Fighter on Apr 18, 2017.
             Slain by an ogre
             ... wielding a +0 giant club
              (18 damage)
             ... on level 5 of the Dungeon.
             The game lasted 00:05:58 (1859 turns).

Monsterracer the Cleaver (Deep Dwarf Fighter)       Turns: 1859, Time: 00:05:59

Health: -1/54      AC:  8    Str: 21    XL:     7   Next: 76%
Magic:  7/7        EV:  7    Int:  9    God:
Gold:   66         SH:  9    Dex: 14    Spells: 0 memorised, 6 levels left

rFire  . . .     SeeInvis +     a - +1 war axe
rCold  . . .     Gourm    .     b - +0 scale mail
rNeg   . . .     Faith    .     c - +0 shield
rPois  .         Spirit   .     (no helmet)
rElec  .         Reflect  .     (no cloak)
rCorr  .         Harm     .     o - +0 pair of gloves
MR     ++...                    (no boots)
Stlth  ..........               (no amulet)
                                j - ring of see invisible
                                u - ring of protection from magic

@: flying, non-regenerating
A: damage resistance, recharge devices, frail 1, sense surroundings 1, slow
regeneration 3, strong 1, subdued magic 1
a: Device Recharging


You were on level 5 of the Dungeon.
You were hungry.

You visited 1 branch of the dungeon, and saw 5 of its levels.

You collected 66 gold pieces.

Inventory:

Hand Weapons
 a - a +1 war axe (weapon)
 s - a +2 whip of flaming
Armour
 b - a +0 scale mail (worn)
 c - a +0 shield (worn)
 g - a +0 leather armour
 o - a +0 pair of gloves (worn)
Jewellery
 i - an uncursed ring of teleportation
 j - a ring of see invisible (right hand)
 u - a ring of protection from magic (left hand)
Wands
 e - a wand of heal wounds (4/9)
Scrolls
 l - 2 scrolls of enchant weapon
 n - 3 scrolls of remove curse
Potions
 d - 2 potions of lignification
 k - a potion of haste {unknown}
 p - a potion of heal wounds
 q - 2 potions of curing
Comestibles
 f - 2 bread rations
 h - 2 beef jerkies
 m - 3 fruits


   Skills:
 - Level 2.6 Fighting
 + Level 9.9 Axes
 - Level 3.2 Armour
 - Level 3.2 Shields


You had 6 spell levels left.
You didn't know any spells.

Dungeon Overview and Level Annotations

Branches:
Dungeon (5/15)
 Temple: D:4-7

Altars:
Cheibriados
Fedhas
Hepliaklqana
Qazlal
Trog
Vehumet
Xom


Innate Abilities, Weirdness & Mutations

You are resistant to damage.
You can recharge devices by infusing magical energy.
You passively map a small area around you.
You do not regenerate.
You are frail. (-10% HP)
Your muscles are strong. (Str +2)
Your spells are a little easier to cast, but a little less powerful.


Message History

The ogre shouts!
Found a hand axe.
It was a potion of flight.
You feel very buoyant.
You fly up into the air.
Found a trident.
There is an open door here.
You hit the ogre.
The ogre is lightly wounded.
The ogre barely misses you.
You slash the ogre!
The ogre is heavily wounded.
You block the ogre's attack.
You hit the ogre but do no damage.
The ogre is heavily wounded.
The ogre hits you with a giant club!!
Your shield and scale mail prevent you from hitting the ogre.
The ogre is heavily wounded.
The ogre hits you with a giant club!!
You die...

##.# *#########* *
#.# ##...## , * **
####*#.# ##.....##
, , , #.[..#.##
#...)...#, ,
#.......#
#.......#,
#.....#.##
#.......#,,
#.....#..# *#.....#
, *
.....#.##.#####)O.#
.#####.
#.....##@###### * *
#.*##.##...........
.. #.##...........
, * #.##...........
, #.#####+####### *
* #.. * * * ##. ,,
, , , * . , * ,, ,
,


You could see an ogre.

Vanquished Creatures
  The ghost of Cibershadow the Grave Robber, an amateur HuNe (D:3)
  A hippogriff (D:4)
  Sigmund (D:5)
  A phantom (D:4)
  A scorpion (D:3)
  An orc priest (D:5)
  An orc wizard (D:5)
  3 gnolls (D:2)
  8 adders
  A shadow imp (D:5)
  3 dart slugs
  2 worms
  4 leopard geckos
  2 orcs
  A ball python (D:1)
  3 giant cockroaches
  8 goblins
  3 hobgoblins
  7 jackals
  9 kobolds
  10 bats
  4 frilled lizards
  4 rats
79 creatures vanquished.

Vanquished Creatures (others)
  A fungus (D:2)
1 creature vanquished.

Grand Total: 80 creatures vanquished

Notes
Turn   | Place    | Note
-------+----------+-------------------------------------------
     0 | D:1      | Monsterracer the Deep Dwarf Fighter began the quest for the Orb.
     0 | D:1      | Reached XP level 1. HP: 20/20 MP: 1/1
    74 | D:1      | Reached skill level 3 in Axes
    82 | D:1      | Reached XP level 2. HP: 18/27 MP: 2/2
   310 | D:1      | Reached XP level 3. HP: 14/33 MP: 3/3
   527 | D:2      | Reached skill level 4 in Axes
   552 | D:2      | Gained mutation: Your spells are a little easier to cast, but a little less powerful. [potion of mutation]
   552 | D:2      | Gained mutation: Your muscles are strong. (Str +2) [potion of mutation]
   552 | D:2      | Gained mutation: You are frail. (-10% HP) [potion of mutation]
   616 | D:2      | Reached XP level 4. HP: 15/36 MP: 4/4
   644 | D:2      | Reached skill level 5 in Axes
   876 | D:2      | Found a blossoming altar of Fedhas.
  1183 | D:3      | Noticed Cibershadow's ghost (amateur HuNe)
  1198 | D:3      | Killed Cibershadow's ghost
  1198 | D:3      | Reached skill level 7 in Axes
  1198 | D:3      | Reached XP level 5. HP: 24/41 MP: 5/5
  1198 | D:3      | Reached XP level 6. HP: 29/49 MP: 6/6
  1437 | D:3      | Found a faded altar of an unknown god.
  1573 | D:4      | Reached skill level 8 in Axes
  1589 | D:4      | Found a hazy altar of Hepliaklqana.
  1589 | D:4      | Found a bloodstained altar of Trog.
  1589 | D:4      | Found a shimmering altar of Xom.
  1609 | D:4      | Found a shimmering altar of Xom.
  1609 | D:4      | Noticed a hippogriff
  1611 | D:4      | Found a snail-covered altar of Cheibriados.
  1611 | D:4      | Found a shimmering altar of Xom.
  1619 | D:4      | Killed a hippogriff
  1619 | D:4      | Reached skill level 9 in Axes
  1619 | D:4      | Reached XP level 7. HP: 12/54 MP: 7/7
  1622 | D:4      | Found a snail-covered altar of Cheibriados.
  1622 | D:4      | Found a shimmering altar of Xom.
  1622 | D:4      | Found a radiant altar of Vehumet.
  1705 | D:5      | Entered Level 5 of the Dungeon
  1754 | D:5      | Found a stormy altar of Qazlal.
  1759 | D:5      | Noticed Sigmund
  1771 | D:5      | Killed Sigmund
  1859 | D:5      | Slain by an ogre

Skill      XL: |  1  2  3  4  5  6 |
---------------+-------------------+-----
Axes           | 3 4 7 9 |  9.9
Fighting       | |  2.6
Armour         | |  3.2
Shields        | |  3.2

Action                   |  1- 3 |  4- 6 |  7- 9 || total
-------------------------+-------+-------+-------++-------
Melee: War axe           |    72 |   139 |    28 ||   239
Evoke: Wand              |       |     1 |       ||     1
  Use: Potion            |     6 |     2 |     2 ||    10
       Scroll            |       |     6 |       ||     6
  Eat: Chunk             |       |     3 |       ||     3
Armor: Scale mail        |    28 |    61 |     9 ||    98
Dodge: Dodged            |    20 |    41 |     9 ||    70
Block: Shield            |    40 |    90 |    12 ||   142
